 Dungeon Crawl Stone Soup version 0.13.0-18-g7b03ea5 (webtiles) character file.

157 Lilouch the Cudgeler (level 4, -2/28 HPs)
             Began as a Gargoyle Fighter on Oct 22, 2013.
             Slain by a gnoll
             ... wielding a +2,+1 whip
              (6 damage)
             ... on Level 1 of the Dungeon.
             The game lasted 00:05:29 (1306 turns).

Lilouch the Cudgeler (Gargoyle Fighter)             Turns: 1306, Time: 00:05:29

HP  -2/28        AC 10     Str 21      XL: 4   Next: 48%
MP   3/3         EV  6     Int  8      God:
Gold 72          SH 18     Dex  9      Spells:  0 memorised,  3 levels left

Res.Fire  : . . .   See Invis. : .   a - +0 mace
Res.Cold  : . . .   Warding    : .   b - +0 scale mail
Life Prot.: + . .   Conserve   : .   c - +0 shield
Res.Poison: +       Res.Corr.  : .   (no helmet)
Res.Elec. : +       Clarity    : .   (no cloak)
Sust.Abil.: . .     Spirit.Shd : .   (no gloves)
Res.Mut.  : .       Stasis     : .   (no boots)
Res.Rott. : +       Flight     : .   (no amulet)
Saprovore : . . .                    (no ring)
                                     (no ring)

@: slightly resistant to hostile enchantments, extremely unstealthy
A: fangs 1, talons 2, life protection 1, electricity resistance, slow metabolism
1, unbreathing, petrification resistance, AC +3
a: no special abilities


You were on level 1 of the Dungeon.
You were not hungry.

You visited 1 branch of the dungeon, and saw 2 of its levels.

You collected 52 gold pieces.

Inventory:

Hand weapons
 a - a +0,+0 mace (weapon)
Missiles
 m - 17 poisoned needles
Armour
 b - a +0 scale mail (worn)
 c - a +0 shield (worn)
Comestibles
 d - 2 bread rations
 n - an apple
Scrolls
 f - 2 scrolls of identify {unknown}
 g - a scroll of remove curse {unknown}
 i - 2 scrolls of teleportation {unknown}
 j - a scroll of enchant weapon II {unknown}
 k - a scroll of enchant weapon I {unknown}
 l - 2 scrolls of magic mapping {unknown}
 o - a scroll of curse weapon {unknown}
Jewellery
 h - an uncursed ring of flight {unknown}
Potions
 e - 2 potions of agility {unknown}


   Skills:
 - Level 3.2 Fighting
 * Level 4.4 Maces & Flails
 + Level 4.0 Armour
 - Level 3.2 Shields


You had 3 spell levels left.
You didn't know any spells.

Dungeon Overview and Level Annotations

Branches:
Dungeon (2/27)

Altars:
Nemelex Xobeh


Innate Abilities, Weirdness & Mutations

You are resistant to torment.
You are immune to poison.
Your stone body is very resilient (AC +3).
You have very sharp teeth.
You have razor-sharp toenails.
You resist negative energy.
You are resistant to electric shocks.
You have a slow metabolism.
You can survive without breathing.
You are immune to petrification.


Message History

You hit the gnoll but do no damage.
The gnoll is moderately wounded.
You block the gnoll's attack.
Your scale mail prevents you from hitting the gnoll.
Your bite misses the gnoll.
The gnoll is moderately wounded.
The gnoll hits you but does no damage.
You hit the gnoll. Your kick misses the gnoll.
The gnoll is heavily wounded.
The gnoll hits you with a whip.
* * * LOW HITPOINT WARNING * * *
The gnoll hits you but does no damage.
Your shield prevents you from hitting the gnoll.
You claw the gnoll.
The gnoll is severely wounded.
The gnoll hits you but does no damage.
You hit the gnoll but do no damage.
The gnoll is severely wounded.
The gnoll hits you with a whip.
You die...

#........# #........#
#........#
#####.########
#......### #.....)..#
#........#############
#...8.8...............
##...@...#############
#..8g8..# #.......#
#.......# #########


You could see a gnoll.

Vanquished Creatures
  3 adders (D:2)
  3 gnolls
  2 worms
  A ball python (D:1)
  A bat (D:1)
  4 giant cockroaches (D:1)
  5 goblins
  4 hobgoblins
  A giant newt (D:1)
24 creatures vanquished.

Notes
Turn   | Place    | Note
--------------------------------------------------------------
     0 | D:1      | Lilouch, the Gargoyle Fighter, began the quest for the Orb.
     0 | D:1      | Reached XP level 1. HP: 14/14 MP: 0/0
    91 | D:1      | Reached XP level 2. HP: 4/19 MP: 1/1
   324 | D:1      | Found a sparkling altar of Nemelex Xobeh.
   754 | D:1      | Reached XP level 3. HP: 22/24 MP: 2/2
  1020 | D:2      | Reached skill level 4 in Maces & Flails
  1053 | D:2      | Reached XP level 4. HP: 24/28 MP: 3/3
  1306 | D:1      | Slain by a gnoll

Action                   |  1- 3 |  4- 6 || total
-------------------------+-------+-------++-------
Melee: Mace              |    65 |    21 ||    86
